 Dungeon Crawl Stone Soup version 0.26.0-5-gb5863c6483 (webtiles) character file.

Game seed: 12352293850822828241

89282 Froggeryz the Peltast (level 15, -2/97 HPs)
             Began as a Gargoyle Wanderer on Jan 10, 2021.
             Was the Champion of Okawaru.
             Killed from afar by a spriggan druid (22 damage)
             ... with a stone arrow
             ... on level 2 of the Swamp.
             The game lasted 00:35:44 (21535 turns).

Froggeryz the Peltast (Gargoyle Wanderer)          Turns: 21535, Time: 00:35:45

Health: -2/97      AC: 34    Str: 23    XL:     15   Next: 96%
Magic:  23/23      EV:  9    Int: 15    God:    Okawaru [******]
Gold:   1660       SH: 15    Dex: 15    Spells: 16/16 levels left

rFire    + + +     SeeInvis .   P - +3 flail (freeze)
rCold    . . .     Faith    .   n - +0 kite shield
rNeg     + . .     Spirit   .   i - +2 chain mail {Will+}
rPois    ∞         Reflect  .   b - +0 helmet
rElec    +         Harm     .   X - +0 cloak
rCorr    .         Rampage  .   Q - +0 pair of gloves {Dex+3}
Will     +++..                  y - +2 pair of boots {Fly}
Stlth    ..........             k - amulet of regeneration
HPRegen  0.66/turn              s - ring of the Octopus King {Wiz AC+1 EV+1 Str+1 Int+1 Dex+1}
MPRegen  0.18/turn              J - ring "Akef" {*Slow rF+++ Will+ Dex+3 Slay+5}

@: marked, flying, slowed, very slow
A: big wings, negative energy resistance 1, electricity resistance, unbreathing,
petrification resistance, miasma immunity, AC +11
a: Stop Flying, Renounce Religion, Heroism, Finesse


You were on level 2 of the Swamp.
You worshipped Okawaru.
Okawaru was exalted by your worship.
You visited 3 branches of the dungeon, and saw 22 of its levels.
You also visited: Gauntlet.

You collected 1898 gold pieces.
You spent 238 gold pieces at shops.

Inventory:

Hand Weapons
 P - a +3 flail of freezing (weapon)
Missiles
 o - 128 poisoned darts (quivered)
 x - 19 javelins
Armour
 b - a +0 helmet (worn)
 i - a +2 chain mail of willpower (worn)
 n - a +0 kite shield (worn)
 y - a +2 pair of boots of flying (worn)
 Q - a +0 pair of gloves of dexterity (worn)
 W - a +2 chain mail of cold resistance
 X - a +0 cloak (worn)
Jewellery
 k - an amulet of regeneration (around neck)
 l - an uncursed ring of ice
 s - a ring of the Octopus King (left hand) {Wiz AC+1 EV+1 Str+1 Int+1 Dex+1}
   (You found it in a Gauntlet)

   [ring of wizardry]

   It improves your spell success rate.
   It affects your AC (+1).
   It affects your evasion (+1).
   It affects your strength (+1).
   It affects your intelligence (+1).
   It affects your dexterity (+1).
 w - a +6 ring of dexterity
 B - a +6 ring of intelligence
 J - the ring "Akef" (right hand) {*Slow rF+++ Will+ Dex+3 Slay+5}
   (You found it on level 9 of the Dungeon)

   [ring of willpower]

   It affects your dexterity (+3).
   It affects your accuracy and damage with ranged weapons and melee attacks
   (+5).
   It renders you almost immune to fire.
   It affects your willpower, your defense against some magical effects.
   It may slow you when you take damage.
 R - an uncursed ring of see invisible
 Y - an uncursed amulet of magic regeneration
Wands
 p - a wand of digging (7)
 u - a wand of disintegration (29)
 v - a wand of acid (17)
 F - a wand of iceblast (17)
 H - a wand of flame (40)
 L - a wand of enslavement (33)
 N - a wand of paralysis (38)
Scrolls
 d - 10 scrolls of teleportation
 e - 6 scrolls of magic mapping
 g - 9 scrolls of remove curse
 h - 5 scrolls of enchant weapon
 r - 2 scrolls of vulnerability
 t - 4 scrolls of blinking
 A - a scroll of fog
 E - 8 scrolls of enchant armour
 O - a scroll of brand weapon
 T - 4 scrolls of fear
 U - 11 scrolls of identify
Potions
 a - 2 potions of berserk rage
 c - 11 potions of curing
 f - 2 potions of heal wounds
 j - 10 potions of ambrosia
 m - 4 potions of haste
 q - 3 potions of mutation
 z - 4 potions of might
 M - 2 potions of cancellation
 V - 2 potions of resistance
Miscellaneous
 C - a condenser vane
 Z - a phantom mirror


   Skills:
 + Level 12.7 Fighting
 + Level 14.4 Maces & Flails
 - Level 3.0 Bows
 + Level 10.9 Armour
 - Level 1.1 Stealth
 - Level 16.0 Shields
 - Level 1.0 Spellcasting
 - Level 1.0 Transmutations
 - Level 1.0 Air Magic
 - Level 11.2 Invocations
 - Level 1.0 Evocations


You had 16 spell levels left.
You didn't know any spells.
Your spell library contained the following spells:

 Spells                   Type           Power        Failure   Level
 Beastly Appendage        Tmut           6%           32%         1
 Animate Skeleton         Necr           0%           45%         1
 Apportation              Tloc           0%           45%         1
 Corona                   Hex            0%           45%         1
 Foxfire                  Conj/Fire      0%           45%         1
 Freeze                   Ice            0%           45%         1
 Summon Small Mammal      Summ           0%           45%         1
 Wereblood                Tmut           3%           45%         2
 Blink                    Tloc           N/A          58%         2
 Ensorcelled Hibernation  Hex/Ice        0%           58%         2
 Spider Form              Tmut/Pois      1%           75%         3
 Ignite Poison            Fire/Tmut/Pois 1%           77%         3
 Confusing Touch          Hex            0%           80%         3
 Conjure Flame            Conj/Fire      0%           80%         3
 Dazzling Flash           Conj/Hex       0%           80%         3
 Frozen Ramparts          Ice            0%           80%         3
 Gell's Gravitas          Tloc           0%           80%         3
 Inner Flame              Hex/Fire       0%           80%         3
 Lesser Beckoning         Tloc           0%           80%         3
 Ozocubu's Armour         Ice            0%           80%         3
 Teleport Other           Tloc           0%           80%         3
 Tukima's Dance           Hex            0%           80%         3
 Ice Form                 Ice/Tmut       2%           98%         4
 Petrify                  Tmut/Erth      2%           98%         4
 Hailstorm                Conj/Ice       0%           99%         4
 Passage of Golubria      Tloc           N/A          99%         4
 Sticky Flame             Conj/Fire      0%           99%         4
 Summon Ice Beast         Ice/Summ       0%           99%         4
 Blade Hands              Tmut           1%           100%        5
 Fireball                 Conj/Fire      0%           100%        5
 Metabolic Englaciation   Hex/Ice        0%           100%        5
 Yara's Violent Unravell  Hex/Tmut       1%           100%        5
 Starburst                Conj/Fire      0%           100%        6
 Ignition                 Fire           0%           100%        8


Dungeon Overview and Level Annotations

Branches:
Dungeon (14/15)            Temple (0/1) D:4            Lair (6/6) D:11
  Swamp (2/4) Lair:4       Spider (0/4) Lair:4        Slime (0/5) Lair:5
    Orc (0/2) D:9         Gauntlet (visited)
 Vaults: D:13-14

Altars:
Ashenzari
Cheibriados
Fedhas
Gozag
Kikubaaqudgha
Nemelex Xobeh
Okawaru
Ru
Sif Muna
The Shining One
Jiyva

Shops:
D:5 [   D:7 (   D:9 *

Annotations:
D:4 1 transporter, po7itron's ghost, amateur OpBr
Lair:2 3 runed translucent doors, Cab's ghost, journeyman GnWn; ghwc's ghost, journeyman TeAE; lasso's ghost, novice MfSu
Swamp:1 2 transporters


Innate Abilities, Weirdness & Mutations

You are resistant to torment.
Your stone body is resilient. (AC +11)
You are immune to poison.
Your large and strong wings let you fly indefinitely.
You resist negative energy. (rN+)
You are resistant to electric shocks. (rElec)
You can survive without breathing.
You are immune to petrification.
You are immune to miasma.


Message History

You block the swamp dragon's attack.
You miss the spriggan druid.
The spriggan druid is heavily wounded.
A tree reaches out and hits you.
The spriggan druid is engulfed in poison gas.
The spriggan druid looks as sick as possible!
The spriggan druid gestures at you while chanting.
The stone arrow hits you!!
* * * LOW HITPOINT WARNING * * *
The swamp dragon breathes poison at you.
The blast of poison engulfs you but does no damage.
You resist.
The swamp worm is engulfed in poison gas.
The swamp worm is poisoned.
You feel roots moving beneath the ground.
The spriggan druid is engulfed in poison gas.
The spriggan druid looks as sick as possible!
The spriggan druid gestures at you while chanting.
The stone arrow hits you!!
You die...

♣♣ ♣♣ ♣.♣♣ .. ♣..♣ .♣
. ♣... ..♣♣≈♣ ♣..♣♣
♣.♣...≈ ♣...♣♣♣♣°w.♣
♣♣.≈≈i.♣.°♣ ♣≈.≈≈.≈
♣≈≈≈○☼.w.♣♣ ≈≈..♣≈
♣≈.≈@D○°♣♣ §..≈≈
♣♣.≈○☼♣.♣♣ ♣≈≈♣≈
♣.○☼§≈..♣♣♣♣ ♣.≈≈≈
♣≈≈≈≈≈<..♣.♣♣ ♣.≈≈.
♣♣.§≈≈≈.....≈♣ ♣♣.≈.≈
♣.....≈≈.≈..≈♣♣♣.≈≈♣†
♣.♣♣♣♣††♣≈)≈.♣≈.≈≈..≈
♣♣ ♣♣...♣♣≈.≈)(.≈..♣≈
♣≈≈.♣♣♣≈♣.≈.≈≈♣♣♣.


You could see a swamp dragon (catching breath), a tyrant leech, a spriggan druid
(extremely poisoned) and a swamp worm (poisoned).

Vanquished Creatures
  Frances (D:13)
  Kirke (D:12)
  A minotaur (Gauntlet)
  2 bunyips
  An eleionoma (Swamp:1)
  Snorg (D:11)
  2 catoblepae
  12 hydras
  Fannar (D:12)
  A centaur warrior (D:10)
  A two-headed ogre (D:9)
  4 alligators
  3 death yaks (Lair:6)
  Urug (D:10)
  4 goliath frogs (Swamp:1)
  A fire crab (Gauntlet)
  2 spriggan druids (Swamp:2)
  2 unseen horrors
  A swamp dragon (Swamp:1)
  3 bog bodies
  Pikel (D:5)
  2 ugly things
  2 manticores (Lair:3)
  A wolf spider (Lair:4)
  A will-o-the-wisp (Swamp:2)
  A black mamba (Lair:5)
  Psyche (D:12)
  15 elephants
  An apocalypse crab (Gauntlet)
  Joseph (D:7)
  16 cane toads
  2 torpor snails
  2 gargoyles
  18 komodo dragons
  A rime drake (Lair:4)
  3 trolls
  A queen bee (Lair:3)
  10 polar bears
  4 tyrant leeches
  9 hornets
  Prince Ribbit (D:7)
  2 jumping spiders (Lair:4)
  26 blink frogs
  A dream sheep (Lair:6)
  2 redbacks (Lair:4)
  A shadow (D:13)
  A centaur simulacrum (Gauntlet)
  A wraith (D:12)
  13 spriggans
  6 wyverns
  2 fire bats (Gauntlet)
  47 yaks
  2 steam dragons
  3 basilisks
  3 hogs (D:12)
  Menkaure (D:7)
  4 vampire mosquitoes (Swamp:2)
  7 swamp worms
  Duvessa (D:6)
  20 water moccasins
  4 swamp drakes
  A hornet zombie (D:11)
  5 black bears
  A sky beast (D:10)
  8 orc warriors
  An ice beast (D:6)
  A necrophage (D:12)
  36 wolves
  2 ogres
  4 phantoms
  13 centaurs
  5 boggarts (Lair:6)
  A big kobold (D:10)
  19 bullfrogs
  2 gnoll sergeants (D:9)
  A hornet simulacrum (Gauntlet)
  Dowan (D:6)
  2 scorpions
  A water moccasin skeleton (D:4)
  25 killer bees (Lair:3)
  14 wights
  3 electric eels
  A howler monkey (D:9)
  3 quasits (D:4)
  2 wyvern simulacra (Gauntlet)
  9 hounds
  3 jellies
  8 orc wizards
  3 centaur skeletons
  8 orc priests
  A bullfrog skeleton (D:10)
  A gnoll shaman (D:9)
  4 iguanas
  8 worker ants
  7 hell rats (Lair:5)
  2 hound zombies
  2 hound skeletons
  2 worker ant zombies
  Robin (D:3)
  17 gnolls
  12 adders
  A river rat (Lair:3)
  3 white imps
  2 ufetubi
  An adder zombie (D:8)
  4 worms
  4 leopard geckos
  48 orcs
  A ball python (D:4)
  3 bats
  4 giant cockroaches
  16 goblins
  14 hobgoblins
  8 jackals (D:9)
  15 kobolds
  2 quokkas
  9 frilled lizards
  9 rats
669 creatures vanquished.

Vanquished Creatures (collateral kills)
  A yak (Lair:3)
  A wolf (Lair:3)
2 creatures vanquished.

Vanquished Creatures (others)
  3 bloated husks (Swamp:1)
  2 foxfires (Swamp:2)
  60 fungi
  103 plants
  4 withered plants (Gauntlet)
172 creatures vanquished.

Grand Total: 843 creatures vanquished

Notes
Turn   | Place    | Note
-------+----------+-------------------------------------------
     0 | D:1      | Froggeryz the Gargoyle Wanderer began the quest for the
                  | Orb.
     0 | D:1      | Froggeryz set off with the following items: a +2 shortbow,
                  | 25 arrows, a potion of curing, a scroll of teleportation, a
                  | +0 robe
     0 | D:1      | Reached XP level 1. HP: 12/12 MP: 2/2
   220 | D:1      | Reached XP level 2. HP: 18/18 MP: 3/3
   893 | D:2      | Reached skill level 1 in Maces & Flails
   902 | D:2      | You fall into a shaft and drop 1 floor!
   917 | D:3      | Reached XP level 3. HP: 23/23 MP: 4/4
  1260 | D:2      | Reached XP level 4. HP: 21/28 MP: 5/5
  1333 | D:2      | Found an iron altar of Okawaru.
  1344 | D:2      | Became a worshipper of Warmaster Okawaru
  1376 | D:2      | Found a faded altar of an unknown god.
  1849 | D:3      | Noticed Robin
  2310 | D:3      | Reached XP level 5. HP: 24/32 MP: 6/6
  3148 | D:3      | Killed Robin
  3544 | D:3      | Found a glowing golden altar of the Shining One.
  3739 | D:4      | Reached skill level 5 in Maces & Flails
  3739 | D:4      | Reached XP level 6. HP: 20/37 MP: 7/7
  3874 | D:4      | Found a transporter.
  3895 | D:4      | Found a transporter.
  3898 | D:4      | Noticed po7itron's ghost (amateur OpBr)
  3910 | D:4      | Found a sparkling altar of Nemelex Xobeh.
  4469 | D:4      | Found a staircase to the Ecumenical Temple.
  4513 | D:4      | Found an opulent altar of Gozag.
  4999 | D:4      | Reached * piety under Okawaru
  5015 | D:4      | Reached XP level 7. HP: 33/41 MP: 8/8
  5080 | D:5      | Entered Level 5 of the Dungeon
  5589 | D:5      | Found a shimmering blue altar of Sif Muna.
  5608 | D:5      | Found Tiyk's Antique Armour Emporium.
  5611 | D:5      | Bought a pair of runed boots for 172 gold pieces
  5685 | D:5      | Found a blossoming altar of Fedhas.
  5781 | D:5      | Found an ancient bone altar of Kikubaaqudgha.
  5832 | D:6      | Noticed Dowan
  5835 | D:6      | Noticed Duvessa
  5870 | D:6      | Killed Duvessa
  5874 | D:6      | Reached XP level 8. HP: 39/46 MP: 9/9
  5879 | D:6      | Killed Dowan
  5908 | D:6      | Noticed Pikel
  5967 | D:5      | Killed Pikel
  5967 | D:5      | Reached ** piety under Okawaru
  5993 | D:6      | Reached skill level 10 in Maces & Flails
  6309 | D:6      | Reached *** piety under Okawaru
  6618 | D:7      | Noticed Prince Ribbit
  6638 | D:7      | Killed Prince Ribbit
  6639 | D:7      | Reached XP level 9. HP: 50/51 MP: 10/10
  6647 | D:7      | Found Ixaic's Antique Weapon Shop.
  6824 | D:7      | Noticed Joseph
  6852 | D:7      | Killed Joseph
  6852 | D:7      | Reached **** piety under Okawaru
  6951 | D:7      | Killed an unseen horror
  7118 | D:7      | Noticed Menkaure
  7133 | D:7      | Killed Menkaure
  7466 | D:8      | Reached XP level 10. HP: 49/56 MP: 11/11
  7527 | D:7      | Reached skill level 1 in Shields
  7745 | D:8      | Reached skill level 2 in Shields
  8156 | D:8      | Reached ***** piety under Okawaru
  8180 | D:8      | Reached skill level 1 in Armour
  8195 | D:9      | Received a gift from Okawaru
  8272 | D:8      | Reached skill level 3 in Shields
  8470 | D:9      | Received a gift from Okawaru
  8482 | D:9      | Found Ynerug's Assorted Antiques.
  8490 | D:9      | Bought a scroll labelled BAUCAC QERPHOI for 23 gold pieces
  8490 | D:9      | Bought a scroll labelled BAUCAC QERPHOI for 23 gold pieces
  8490 | D:9      | Bought a fuming coppery potion for 20 gold pieces
  8827 | D:9      | Noticed a two-headed ogre
  8853 | D:9      | Killed a two-headed ogre
  8853 | D:9      | Received a gift from Okawaru
  8854 | D:9      | Reached skill level 4 in Shields
  8946 | D:9      | Got a coiled lapis lazuli ring
  8984 | D:9      | Reached skill level 5 in Armour
  9072 | D:9      | Found a staircase to the Orcish Mines.
  9157 | D:9      | Reached skill level 5 in Shields
  9226 | D:9      | Found a snail-covered altar of Cheibriados.
  9227 | D:9      | Found a sacrificial altar of Ru.
  9231 | D:9      | Found a broken altar of Ashenzari.
  9506 | D:9      | Reached XP level 11. HP: 39/62 MP: 12/12
  9615 | D:10     | Entered Level 10 of the Dungeon
  9757 | D:10     | Noticed Urug
  9771 | D:10     | Killed Urug
  9908 | D:10     | Received a gift from Okawaru
 10104 | D:10     | Noticed a centaur warrior
 10118 | D:10     | Killed a centaur warrior
 10285 | D:10     | Reached skill level 5 in Fighting
 10285 | D:10     | Reached skill level 1 in Invocations
 10388 | D:11     | Noticed a green ugly thing
 10413 | D:11     | Killed a green ugly thing
 10474 | D:11     | Identified the ring "Akef" {*Slow rF+++ Will+ Dex+3 Slay+5}
                  | (You found it on level 9 of the Dungeon)
 10667 | D:11     | Noticed Snorg
 10690 | D:11     | Killed Snorg
 10690 | D:11     | Received a gift from Okawaru
 10793 | D:11     | Killed an unseen horror
 10937 | D:11     | Found a staircase to the Lair.
 11048 | D:11     | Reached skill level 6 in Shields
 11095 | D:12     | Noticed Kirke
 11105 | D:12     | Reached ****** piety under Okawaru
 11115 | D:12     | Killed Kirke
 11115 | D:12     | Received a gift from Okawaru
 11116 | D:12     | Reached skill level 7 in Shields
 11116 | D:12     | Reached XP level 12. HP: 73/73 MP: 15/15
 11164 | D:12     | Noticed Fannar
 11189 | D:12     | Received a gift from Okawaru
 11223 | D:12     | Killed Fannar
 11417 | D:12     | Noticed Psyche
 11424 | D:12     | Killed Psyche
 11425 | D:12     | Reached skill level 8 in Shields
 11582 | D:12     | Received a gift from Okawaru
 11937 | D:13     | Noticed Frances
 12052 | D:13     | Found a gate leading to a gauntlet.
 12061 | Gauntlet | Entered a Gauntlet
 12061 | Gauntlet | Found a transporter.
 12061 | Gauntlet | Found a transporter.
 12061 | Gauntlet | Found a transporter.
 12073 | Gauntlet | Found a transporter.
 12076 | Gauntlet | Found a transporter.
 12078 | Gauntlet | Noticed a soul eater
 12084 | Gauntlet | Found a transporter.
 12087 | Gauntlet | Found a transporter.
 12093 | Gauntlet | Noticed a dire elephant
 12096 | Gauntlet | Found a transporter.
 12112 | Gauntlet | Found the ring of the Octopus King
 12113 | Gauntlet | Found a transporter.
 12132 | Gauntlet | Found a transporter.
 12133 | Gauntlet | Found a transporter.
 12143 | Gauntlet | Found a transporter.
 12317 | Gauntlet | Paralysed by you for 2 turns
 12368 | Gauntlet | Got a ring of the Octopus King
 12378 | Gauntlet | Identified a ring of the Octopus King {Wiz AC+1 EV+1 Str+1
                  | Int+1 Dex+1} (You found it in a Gauntlet)
 12410 | Gauntlet | Noticed a minotaur
 12434 | Gauntlet | Killed a minotaur
 12435 | Gauntlet | Reached skill level 9 in Shields
 12612 | D:13     | Reached skill level 10 in Fighting
 12631 | D:13     | Noticed a soul eater
 12813 | D:13     | Killed Frances
 12814 | D:13     | Reached skill level 10 in Shields
 13329 | Lair:1   | Entered Level 1 of the Lair of Beasts
 13436 | Lair:1   | Reached skill level 11 in Shields
 13489 | Lair:1   | Noticed a five-headed hydra
 13517 | Lair:1   | Killed a five-headed hydra
 13518 | Lair:1   | Reached XP level 13. HP: 82/82 MP: 16/16
 13719 | Lair:1   | Received a gift from Okawaru
 13860 | Lair:1   | Reached skill level 12 in Shields
 14277 | Lair:2   | Found a runed translucent gate.
 14278 | Lair:2   | Found a runed translucent gate.
 14279 | Lair:2   | Found a runed translucent gate.
 14510 | Lair:2   | Reached skill level 13 in Shields
 14665 | Lair:2   | Received a gift from Okawaru
 14909 | Lair:2   | Reached skill level 14 in Shields
 15298 | Lair:2   | Noticed ghwc's ghost (journeyman TeAE)
 15301 | Lair:2   | Noticed Cab's ghost (journeyman GnWn)
 15301 | Lair:2   | Noticed lasso's ghost (novice MfSu)
 15449 | Lair:3   | Received a gift from Okawaru
 15492 | Lair:3   | Reached skill level 15 in Shields
 15579 | Lair:3   | Gained mutation: Your large and strong wings let you fly
                  | indefinitely. [Gargoyle growth]
 15579 | Lair:3   | Reached XP level 14. HP: 83/88 MP: 17/17
 15899 | Lair:3   | Received a gift from Okawaru
 16323 | Lair:3   | Reached skill level 16 in Shields
 16492 | Lair:4   | Received a gift from Okawaru
 16634 | Lair:4   | Reached skill level 5 in Invocations
 16736 | Lair:4   | Found a staircase to the Swamp.
 17318 | Lair:4   | Found a hole to the Spider Nest.
 18307 | Lair:5   | Found a viscous altar of Jiyva.
 18307 | Lair:5   | Found a staircase to the Slime Pits.
 18463 | Lair:6   | Entered Level 6 of the Lair of Beasts
 18620 | Lair:6   | Received a gift from Okawaru
 18638 | Lair:6   | Got a glimmering plate armour {god gift}
 18640 | Lair:6   | Identified the +1 plate armour "Riqesum" {SInv} (Okawaru
                  | gifted it to you on level 6 of the Lair of Beasts)
 18784 | Lair:6   | Reached XP level 15. HP: 59/95 MP: 21/21
 19392 | Lair:6   | Reached skill level 10 in Invocations
 20145 | Swamp:1  | Entered Level 1 of the Swamp
 20250 | Swamp:1  | Received a gift from Okawaru
 20251 | Swamp:1  | Reached skill level 10 in Armour
 20420 | Swamp:1  | Found a transporter.
 20766 | Swamp:1  | Found a transporter.
 21427 | Swamp:2  | Received a gift from Okawaru
 21535 | Swamp:2  | Killed from afar by a spriggan druid

Illustrated notes

Levels and vault maps discovered:
D:1:      amcnicky_arrival_double_pillar, layout_loops_corners
D:2:      layout_rooms, chequers_ecumenical_altar_island, serial_curves,
          eino_curves_02, eino_curves_03, okawaru_altar_gauntlet_db
D:3:      layout_basic, lemuel_coloured_pillars_altar, interstate_on_off,
          minmay_divided_ellipse, uniq_robin
D:4:      layout_basic, old_standard_altar, minmay_temple_entry_grid,
          gammafunk_ghost_stat_death, minivault_27, grunt_gozag_statues
D:5:      layout_cave_pools, general_overflow_altar, kennysheep_mini_moat,
          lemuel_round_altar, serial_shops, nicolae_shop_behind_doors
D:6:      layout_cave_pools, serial_bayou, serial_bayou_pond_a,
          serial_bayou_ford_a, serial_bayou_shore_b, serial_bayou_pond_d,
          serial_bayou_lake_a, serial_bayou_crossing, uniq_pikel, uniq_duvessa
D:7:      layout_basic, serial_shops, shop, uniq_prince_ribbit1, uniq_joseph,
          uniq_menkaure
D:8:      layout_rooms
D:9:      layout_cross, minitemple, david_orc_1_choice, serial_shops,
          nicolae_shop_trees, serial_gnoll_camp, gnoll_camp_mini_house,
          gnoll_camp_mini_doghouse, gnoll_camp_mini_sergeant,
          gnoll_camp_mini_loothouse, gnoll_camp_mini_house
D:10:     layout_irregular_city, uniq_urug
D:11:     layout_roguey, lair_entry_dummy, uniq_snorg
D:12:     layout_long_grid, uniq_kirke, uniq_psyche, uniq_fannar
D:13:     layout_cave_pools, gauntlet_entry_generic, uniq_frances
D:14:     minmay_the_grid_octo_tiled_squarecenter_mashed
          [minmay_the_grid_octo_vomiting_pacman,
          minmay_the_grid_octo_concentric, minmay_the_grid_octo_clover_2,
          minmay_the_grid_octo_fat_diamond,
          minmay_the_grid_square_5x5_megaprize_hollow,
          minmay_the_grid_square_5x5_c, minmay_the_grid_square_5x5_minivault,
          minmay_the_grid_square_5x5_spiral,
          minmay_the_grid_square_5x5_shuriken], layout_rooms,
          lightli_vaults_fourway_checkpoint, serial_aquarium,
          aquarium_bridge_straight [aquarium_subvault_bridge,
          aquarium_subvault_wall, aquarium_subvault_bridge,
          aquarium_subvault_window], aquarium_bridge_long_separate
          [aquarium_subvault_wall, aquarium_subvault_bridge,
          aquarium_subvault_bridge, aquarium_subvault_bridge,
          aquarium_subvault_window, aquarium_subvault_bridge],
          aquarium_window_2, aquarium_window_fake, aquarium_window_fake,
          aquarium_view_2b, kennysheep_small_spiral, serial_bayou_pond_e,
          trog_ov_bears_minmay
Lair:1:   layout_gridlike
Lair:2:   cheibrodos_lair_overgrown_chateau, layout_loops_ring,
          gammafunk_ghost_cemetery
Lair:3:   regret_index_wax_grids, layout_regular_city, st_stairs_4
Lair:4:   layout_gridlike, minmay_swamp_entry_reptiles,
          spider_nest_entry_funnel_web, grunt_megastairs_3
Lair:5:   layout_regular_city, dpeg_slime_entry_enclosed_altar,
          cheibrodos_lair_lostbears
Lair:6:   minmay_lair_end_enchanted_forest, layout_small_grid, serial_bayou,
          serial_bayou_pond_a, serial_bayou_pond_b, serial_bayou_pond_c,
          nicolae_lair_grove_arrangements, chequers_serial_rivers_large_a
Swamp:1:  gammafunk_worm_tunnel, layout_basic_swamp, nicolae_swamp_little_tower
Swamp:2:  layout_falls_marsh, nicolae_swamp_dense_foliage, swamp_pool1

Skill      XL: |  1  2  3  4  5  6  7  8  9 10 11 12 13 14 15 |
---------------+----------------------------------------------+-----
Fighting       | 3 4 7 10 11 12 | 12.7
Maces & Flails | 1 2 4 5 6 8 11 13 14 | 14.4
Shields        | 5 7 11 15 16 | 16.0
Armour         | 6 7 9 10 | 10.9
Invocations    | 4 9 11 | 11.2
Bows           | |  3.0
Stealth        | |  1.1
Spellcasting   | |  1.0
Transmutations | |  1.0
Air Magic      | |  1.0
Evocations     | |  1.0

Action                   |  1- 3 |  4- 6 |  7- 9 | 10-12 | 13-15 || total
-------------------------+-------+-------+-------+-------+-------++-------
Melee: Flail             |       |   176 |   131 |   758 |  1523 ||  2588
       Mace              |       |    10 |       |       |       ||    10
       Whip              |       |       |   207 |   112 |       ||   319
       Punch             |       |       |       |     1 |       ||     1
 Fire: Shortbow          |    98 |    65 |       |       |       ||   163
Throw: Dart              |       |       |     1 |     4 |       ||     5
       Throwing net      |       |       |       |     3 |       ||     3
Invok: Heroism           |       |       |       |     2 |       ||     2
Evoke: Wand              |       |       |       |    10 |       ||    10
       Phantom mirror    |       |       |       |       |     1 ||     1
  Use: Scroll            |     3 |       |     1 |    27 |     2 ||    33
       Potion            |       |     2 |     2 |     4 |     1 ||     9
 Stab: Paralysed         |       |       |       |    11 |       ||    11
       Confused          |       |       |       |       |     3 ||     3
Armor: Leather armour    |    17 |    57 |       |       |       ||    74
       Ring mail         |       |   110 |    70 |       |       ||   180
       Scale mail        |       |       |   133 |   299 |       ||   432
       Chain mail        |       |       |       |   332 |   778 ||  1110
Dodge: Dodged            |    41 |   204 |   144 |   352 |   411 ||  1152
Block: Kite shield       |       |       |       |    12 |   982 ||   994
